Map: Arctic Dream LE

Players

Elendil

  • Race: Protoss Protoss
  • League: Gold
  • Spawn Location: 6:00

nixom

  • Race: Terran Terran
  • League: Gold
  • Spawn Location: 5:00

qqq - Winner!

  • Race: Protoss Protoss
  • League: Platinum
  • Spawn Location: 11:00

Massa - Winner!

  • Race: Terran Terran
  • League: Gold
  • Spawn Location: 12:00

VOD

Have the link to the VOD?

Description

Time

  • Played on: July 27, 2020, 7:43 a.m.
  • Length: 9:54
Show
View Real Time Build Order
Export as new Build Order

Elendil Protoss 

Build Orders:  

Get SALT Encoding   

  12  0:02  Probe  
  13  0:13  Probe  
  13  0:19  Pylon  
  14  0:21  Probe  
  15  0:34  Probe  
  15  0:39  Gateway  
  16  0:46  Probe  
  17  0:50  Assimilator  
  17  0:58  Probe  
  18  1:10  Probe  
  19  1:23  Probe  
  20  1:26  Pylon  
  20  1:34  Probe  
  20  1:42  Probe  
  20  1:46  Cybernetics Core  
  21  1:49  Gateway  
  21  1:52  Probe  
  22  2:09  Probe  
  22  2:13  Stalker  
  23  2:17  Pylon  
  23  2:21  Warp Gate  
  23  2:27  Probe  
  26  2:38  Stalker  
  26  2:42  Stalker  
  30  2:52  Probe  
  30  2:57  Nexus  
  31  3:04  Assimilator  
  31  3:07  Probe  
  31  3:11  Stalker  
  34  3:19  Probe  
  35  3:22  Adept  
  35  3:25  Pylon  
  35  3:26  Pylon  
  37  3:31  Probe  
  38  3:43  Probe  
  38  3:45  Twilight Council  
  39  3:51  Probe  
  40  3:56  Stalker  
  40  3:59  Probe  
  42  4:08  Probe  
  42  4:09  Probe  
  43  4:16  Probe  
  45  4:23  Gateway  
  46  4:24  Stalker  
  46  4:26  Probe  
  46  4:27  Probe, Robotics Facility  
  50  4:34  Assimilator  
  50  4:36  Assimilator  
  50  4:38  Probe  
  50  4:41  Charge  
  45  5:06  Probe  
  46  5:10  Sentry  
  46  5:12  Stalker  
  50  5:15  Probe  
  50  5:17  Pylon  
  50  5:18  Probe  
  52  5:27  Probe  
  49  5:30  Probe  
  49  5:35  Probe  
  50  5:38  Probe  
  50  5:42  Stalker x2  
  54  5:43  Probe, Stalker  
  54  5:46  Probe  
  59  5:53  Probe  
  61  5:57  Probe  
  61  6:03  Forge  
  62  6:05  Probe, Forge  
  62  6:09  Probe  
  64  6:11  Forge  
  64  6:17  Probe, Stalker  
  64  6:18  Sentry  
  69  6:26  Probe  
  70  6:34  Pylon  
  70  6:35  Probe  
  70  6:36  Pylon  
  70  6:38  Pylon  
  71  6:44  Pylon  
  71  6:51  Blink  
  71  6:56  Probe x2  
  71  6:58  Stalker x3  
  79  7:15  Gateway  
  79  7:16  Gateway  
  79  7:29  Photon Cannon  
  79  7:31  Photon Cannon  
  79  7:32  Photon Cannon  
  79  7:35  Photon Cannon  
  79  7:41  Protoss Ground Weapons Level 1, Protoss Ground Armor Level 1  
  79  7:42  Protoss Shields Level 1  
  79  7:50  Observer  
  76  7:58  Robotics Bay  
  76  8:02  Templar Archives  
  77  8:05  Probe x2  
  78  8:28  Nexus  
  78  8:30  Probe x2, Pylon  
  80  8:36  Pylon  
  80  8:54  Stalker x2  
  80  8:55  Stalker x3  
  56  9:22  Stalker x4  
  56  9:23  Stalker  
  65  9:38  Photon Cannon  
  65  9:40  Probe x3, Photon Cannon  
  65  9:44  Photon Cannon  
Show
View Real Time Build Order
Export as new Build Order

nixom Terran 

Build Orders:  

Get SALT Encoding   

  12  0:01  SCV  
  13  0:13  SCV  
  14  0:19  Supply Depot  
  14  0:25  SCV  
  15  0:41  SCV  
  16  0:43  Barracks  
  16  0:52  Refinery  
  16  0:53  SCV  
  17  1:05  SCV  
  18  1:17  SCV  
  19  1:29  SCV  
  20  1:41  SCV  
  21  1:49  Marine  
  21  1:50  Command Center  
  22  1:58  Supply Depot  
  22  2:02  Refinery  
  23  2:16  Orbital Command  
  21  2:30  Factory  
  21  2:42  Barracks Tech Lab  
  21  2:45  SCV  
  22  2:57  SCV  
  23  2:58  Barracks  
  23  3:05  SCV  
  23  3:09  SCV  
  25  3:18  SCV  
  26  3:21  SCV  
  26  3:26  Command Center  
  27  3:31  Orbital Command  
  27  3:39  Siege Tank  
  30  3:41  Marine  
  31  3:50  Barracks Reactor  
  30  3:57  SCV  
  31  4:04  Marine  
  29  4:20  Siege Tank  
  29  4:21  SCV  
  33  4:25  SCV  
  33  4:27  Refinery  
  33  4:30  Marine x2  
  36  4:33  Barracks Tech Lab, SCV  
  37  4:39  SCV  
  37  4:42  Starport  
  38  4:51  Marine x2  
  40  5:09  Marine x2  
  40  5:10  Marine  
  43  5:23  SCV x3  
  46  5:35  SCV x3, Marine x2  
  47  5:39  Marine  
  50  5:47  SCV x2  
  50  5:48  SCV  
  53  5:58  Engineering Bay, Siege Tank  
  53  5:59  SCV  
  53  6:00  SCV x2  
  59  6:04  Starport Reactor  
  59  6:11  SCV, Marine  
  59  6:13  Stimpack  
  61  6:22  Supply Depot  
  61  6:41  Terran Infantry Weapons Level 1  
  61  6:43  Marine x2  
  61  6:44  SCV x2  
  65  6:48  Missile Turret  
  65  6:51  Siege Tank  
  68  6:54  Missile Turret  
  68  6:55  Sensor Tower, Missile Turret  
  68  6:56  SCV  
  68  6:58  Barracks x2  
  69  7:01  Engineering Bay  
  69  7:04  Refinery  
  69  7:11  SCV x3, Marine x2, Supply Depot  
  69  7:14  Supply Depot  
  74  7:16  Marine  
  75  7:23  SCV x2  
  77  7:32  Marine x2  
  77  7:33  SCV, Siege Tank  
  77  7:35  SCV x2, Missile Turret  
  85  7:37  Terran Infantry Armor Level 1  
  85  7:44  Missile Turret  
  85  7:45  SCV  
  85  7:47  SCV x2  
  85  7:50  Barracks Reactor x2  
  88  7:53  Medivac x2  
  88  7:57  SCV  
  93  8:08  Refinery  
  93  8:09  Refinery  
  93  8:27  Marine x3, Supply Depot  
  93  8:28  SCV x3, Medivac  
  93  8:29  Supply Depot  
  93  8:30  Supply Depot  
  93  8:32  Supply Depot  
  101  8:38  Medivac  
  101  8:40  SCV x2  
  97  8:45  Marine x2  
  72  8:57  Sensor Tower  
  72  8:58  Marine x4  
  72  8:59  Marine  
  74  9:03  Marine x2  
  74  9:09  SCV x3  
  79  9:16  Marine x5  
  83  9:21  SCV x3, Marine x2  
  75  9:33  SCV x2  
  75  9:34  Marine x5  
Show
View Real Time Build Order
Export as new Build Order

qqq Protoss - Winner!

Build Orders: 1 Gate Expand, Oracle Opening, Phoenix Opening 

Get SALT Encoding   

  12  0:02  Probe  
  13  0:18  Probe  
  13  0:19  Pylon  
  14  0:30  Probe  
  15  0:39  Gateway  
  15  0:42  Probe  
  15  0:47  Pylon  
  16  0:55  Probe  
  17  1:21  Nexus  
  17  1:36  Cybernetics Core  
  17  1:42  Assimilator  
  17  1:44  Assimilator  
  17  1:45  Probe  
  18  2:06  Probe  
  19  2:18  Probe  
  20  2:30  Probe  
  20  2:33  Probe  
  22  2:37  Pylon  
  22  2:41  Stargate  
  22  2:43  Probe  
  23  2:45  Probe  
  24  2:55  Probe  
  24  2:57  Probe  
  26  3:07  Probe  
  26  3:08  Stargate  
  26  3:09  Probe  
  28  3:21  Probe  
  29  3:28  Oracle  
  29  3:33  Probe  
  33  3:45  Probe  
  34  3:51  Assimilator  
  34  3:55  Assimilator  
  34  3:57  Probe, Phoenix  
  37  4:07  Probe  
  38  4:15  Probe  
  38  4:24  Probe  
  39  4:26  Phoenix x2  
  44  4:36  Probe  
  45  4:48  Probe  
  45  4:50  Phoenix  
  48  5:00  Probe  
  49  5:09  Phoenix  
  49  5:12  Probe  
  52  5:15  Phoenix  
  54  5:51  Pylon  
  54  5:54  Pylon  
  54  5:56  Pylon  
  54  6:03  Nexus  
  54  6:09  Probe, Phoenix x2  
  59  6:11  Nexus  
  59  6:13  Pylon  
  59  6:15  Pylon  
  59  6:21  Probe  
  59  6:23  Pylon  
  60  6:26  Pylon  
  60  6:33  Probe  
  60  6:34  Phoenix x2  
  65  6:43  Protoss Air Weapons Level 1  
  65  6:45  Probe  
  66  6:57  Probe  
  66  6:59  Phoenix, Forge  
  66  7:01  Stargate  
  69  7:19  Phoenix  
  71  7:23  Phoenix  
  73  7:31  Shield Battery  
  73  7:44  Phoenix  
  75  7:58  Photon Cannon  
  75  8:11  Probe  
  76  8:14  Nexus  
  76  8:17  Pylon  
  76  8:20  Photon Cannon  
  76  8:22  Photon Cannon  
  76  8:23  Probe, Phoenix  
  76  8:24  Phoenix  
  76  8:25  Photon Cannon  
  78  8:28  Phoenix  
  78  8:32  Photon Cannon  
  80  8:34  Photon Cannon  
  80  8:35  Probe  
  80  8:37  Photon Cannon  
  81  8:47  Probe  
  82  8:59  Probe  
  83  9:12  Probe  
  84  9:21  Phoenix x3  
Show
View Real Time Build Order
Export as new Build Order

Massa Terran - Winner!

Build Orders:  

Get SALT Encoding   

  12  0:03  SCV  
  13  0:16  Supply Depot  
  13  0:18  SCV  
  14  0:30  SCV  
  15  0:39  Barracks  
  15  0:43  SCV  
  15  0:49  Supply Depot  
  16  0:55  SCV  
  17  1:07  Refinery  
  17  1:08  SCV  
  18  1:20  SCV  
  19  1:26  Refinery  
  19  1:28  Refinery  
  19  1:32  SCV  
  20  1:54  Marine  
  21  2:01  Supply Depot  
  21  2:04  Orbital Command  
  22  2:22  Reaper  
  21  2:34  SCV  
  21  2:36  Command Center  
  22  2:46  SCV  
  23  2:54  Reaper  
  24  2:59  SCV  
  24  3:02  Barracks  
  25  3:11  SCV  
  26  3:17  Factory  
  26  3:24  Engineering Bay  
  26  3:26  Reaper  
  25  4:17  Factory Tech Lab  
  25  4:19  Barracks Tech Lab x2  
  25  4:24  SCV  
  26  4:26  SCV  
  27  4:36  SCV  
  27  4:37  Siege Tank  
  31  4:38  SCV  
  31  4:39  Marauder x2  
  31  4:41  Stimpack  
  36  4:48  SCV  
  36  4:50  SCV  
  38  5:00  SCV  
  38  5:01  Marauder  
  38  5:06  Missile Turret  
  41  5:09  Siege Tank  
  41  5:11  Missile Turret  
  44  5:17  Missile Turret  
  44  5:20  SCV, Command Center  
  46  5:25  Orbital Command  
  46  5:28  Concussive Shells  
  45  5:32  SCV  
  45  5:34  Barracks  
  46  5:36  Barracks  
  46  5:54  Supply Depot  
  46  5:55  Supply Depot  
  46  5:56  Supply Depot  
  46  6:02  SCV  
  46  6:15  Supply Depot  
  46  6:16  Marauder x2  
  46  6:17  Missile Turret  
  50  6:24  Barracks Reactor  
  50  6:25  Barracks Tech Lab  
  50  6:34  Starport  
  50  6:37  Supply Depot  
  50  6:38  Marauder x2  
  54  6:43  SCV  
  54  6:44  SCV  
  56  6:52  Widow Mine  
  60  6:54  Marauder  
  60  6:56  SCV x2  
  60  6:59  Marauder x2  
  60  7:01  Marine x2, Supply Depot  
  66  7:08  SCV x2  
  70  7:13  Widow Mine, SCV  
  70  7:15  Marine  
  74  7:19  Marine x2  
  74  7:20  SCV x2  
  74  7:21  Marauder  
  80  7:23  Marauder  
  80  7:25  SCV  
  83  7:33  Marauder  
  83  7:36  Marine  
  85  7:42  Marauder  
  88  7:54  Widow Mine  
  88  7:55  Marauder x2, Marine x2  
  88  7:57  SCV x2  
  88  7:58  SCV  
  99  8:03  Marauder  
  101  8:08  Refinery  
  101  8:09  SCV  
  101  8:10  Refinery, SCV  
  101  8:11  Orbital Command  
  103  8:13  Marine x2  
  103  8:15  Widow Mine  
  103  8:16  Marauder  
  109  8:26  Supply Depot  
  109  8:31  Supply Depot  
  109  8:33  Supply Depot  
  109  8:38  SCV x2  
  109  8:39  Marauder  
  109  8:41  Marauder  
  96  8:50  SCV x2  
  96  8:52  Supply Depot  
  96  8:55  Supply Depot  
  77  9:03  SCV x2  
  77  9:06  Marauder x3  
  77  9:07  Marine x2  
  87  9:25  Marine x2  
  87  9:28  Marauder x3  
Tags
 
Add a new tag
Caveats
  • Supply blocks, unpowered buildings, or Contaminate may cause inaccurate times.
  • Supply counts are checked every 10 seconds.